 Dungeon Crawl Stone Soup version 0.30-a0-576-g89cddaab80 (webtiles) character file.

Game seed: 9372692039317837391

21488 wormed the Covert (level 12, -17/65 HPs)
             Began as a Spriggan Hunter on Dec 31, 2022.
             Was the Champion of Okawaru.
             Demolished by a dream sheep (30 damage)
             ... on level 2 of the Lair of Beasts.
             The game lasted 00:29:06 (16446 turns).

wormed the Covert (Spriggan Hunter)                Turns: 16446, Time: 00:29:07

Health: -17/65     AC:  5    Str:  7    XL:     12   Next: 54%
Magic:  13/13      EV:  4    Int: 10    God:    Okawaru [******]
Gold:   1180       SH:  0    Dex: 24    Spells: 11/11 levels left

rFire   . . .      SeeInvis +    a - +0 shortbow
rCold   . . .      Faith    .    (shield currently unavailable)
rNeg    . . .      Spirit   .    P - +2 robe {Will+}
rPois   .          Reflect  .    K - +1 hat
rElec   .          Harm     .    (no cloak)
rCorr   .          Rampage  .    (gloves unavailable)
Will    ++++.                    (boots unavailable)
Stlth   ++++++                   s - amulet of the acrobat
HPRegen 0.30/turn                t - ring of willpower
MPRegen 0.13/turn                (no ring)

@: sleeping, very quick
A: very small, no large weapons, unfitting armour, see invisible, speed 3
a: Renounce Religion, Heroism, Finesse, Duel


You were on level 2 of the Lair of Beasts.
You worshipped Okawaru.
Okawaru was exalted by your worship.
You visited 2 branches of the dungeon, and saw 13 of its levels.
You also visited: Sewer and Ossuary.

You collected 1492 gold pieces.
You spent 312 gold pieces at shops.

Inventory:

Hand Weapons
 a - a +0 shortbow (weapon)
Missiles
 l - 3 throwing nets
Armour
 B - a +0 troll leather armour {Pargi}
 K - a +1 hat (worn)
 P - a +2 robe of willpower (worn)
Jewellery
 c - a +6 ring of intelligence
 s - an amulet of the acrobat (around neck)
 t - a ring of willpower (left hand)
 y - an amulet of reflection
Wands
 m - a wand of flame (47)
 M - a wand of acid (3)
Scrolls
 b - 3 scrolls of immolation
 d - 4 scrolls of amnesia
 h - 5 scrolls of enchant weapon
 j - a scroll of silence
 k - 3 scrolls of poison
 o - 6 scrolls of teleportation
 p - 2 scrolls of fog
 w - 3 scrolls of vulnerability
 C - 2 scrolls of enchant armour
 D - 7 scrolls of noise
 E - 3 scrolls of magic mapping
 G - a scroll of brand weapon
 H - 3 scrolls of blinking
 J - a scroll of identify
 O - a scroll of torment {unknown}
Potions
 e - 4 potions of might
 f - 4 potions of ambrosia
 g - 2 potions of brilliance
 i - 2 potions of flight
 n - 5 potions of attraction
 q - 9 potions of degeneration
 r - 4 potions of lignification
 u - 3 potions of mutation
 v - 2 potions of cancellation
 x - 7 potions of curing
 z - 2 potions of heal wounds
 A - 3 potions of magic {unknown}
 F - 3 potions of resistance
 I - 2 potions of invisibility
 N - 2 potions of haste


   Skills:
 + Level 8.2 Fighting
 * Level 13.9 Ranged Weapons
 + Level 12.6 Dodging
 + Level 14.6 Stealth


You had 11 spell levels left.
You didn't know any spells.
Your spell library contained the following spells:

 Spells                   Type           Power      Damage    Failure   Level
 Blink                    Tloc           0%         N/A       50%         2
 Momentum Strike          Conj/Tloc      0%         3d8       50%         2
 Scorch                   Fire           0%         2d5       50%         2
 Ignite Poison            Fire/Tmut/Pois 0%         N/A       75%         3
 Kindle Blastsparks       Fire/Tloc/Air  0%         2d10      75%         3
 Lesser Beckoning         Tloc           0%         N/A       75%         3
 Ozocubu's Armour         Ice            0%         N/A       75%         3
 Flame Wave               Conj/Fire      0%         2d4       98%         4
 Blade Hands              Tmut           0%         N/A       100%        5
 Freezing Cloud           Conj/Ice/Air   0%         6-21      100%        5
 Irradiate                Conj/Tmut      0%         3d11      100%        5
 Iron Shot                Conj/Erth      0%         9d1       100%        6
 Dragon Form              Tmut           0%         N/A       100%        7
 Ozocubu's Refrigeration  Ice            0%         4d7       100%        7
 Animate Armour           Summ/Erth      Unusable   N/A       N/A         4
 Summon Cactus Giant      Summ           Unusable   N/A       N/A         6

Dungeon Overview and Level Annotations

Branches:
Dungeon (11/15)            Temple (0/1) D:4            Lair (2/5) D:9
    Orc (0/2) D:11          Sewer (visited)         Ossuary (visited)
  Swamp: Lair:2-3    Shoals: Lair:2-3     Snake: Lair:2-3    Spider: Lair:2-3

Altars:
Ashenzari
Elyvilon
Gozag
Makhleb
Nemelex Xobeh
Okawaru
Qazlal
Yredelemnul
Zin
Lugonu

Shops:
D:10 *

Annotations:
Lair:1 Gastronok


Innate Abilities, Weirdness & Mutations

You are very small and have problems with some larger weapons.
You are too small for most types of armour.
You have supernaturally acute eyesight. (SInv)
You cover ground extremely quickly. (Speed+++)


Message History

You shoot an arrow. The arrow hits the dream sheep!
The dream sheep is heavily wounded.
The dream sheep completely misses you. The dream sheep closely misses you.
You shoot an arrow.
The arrow hits the dream sheep but does no damage.
The dream sheep is severely wounded.
The dream sheep bites you. The dream sheep misses you.
The dream sheep completely misses you.
You shoot an arrow. The arrow hits the dream sheep.
The dream sheep is almost dead.
You shoot an arrow. The arrow hits the dream sheep!
You kill the dream sheep!
Okawaru accepts your kill. The dream sheep barely misses you.
You shoot an arrow.
The arrow hits the dream sheep but does no damage.
The dream sheep is severely wounded.
The dream sheep completely misses you. x2; The dream sheep misses you.
The dream sheep bites you but does no damage.
You shoot an arrow.
The arrow barely misses the dream sheep.
The arrow hits the dream sheep.
The dream sheep is lightly wounded.
The dream sheep completely misses you. The dream sheep misses you.
The dream sheep completely misses you. The dream sheep bites you.
The dream sheep bites you!
You are too injured to fight recklessly!
You are too injured to fight recklessly!
You are too injured to fight recklessly!
You are too injured to fight recklessly!
The dream sheep are wreathed in dream dust.
You feel drowsy...
You fall asleep.
The dream sheep bites you!
You wake up.
The dream sheep bites you!
* * * LOW HITPOINT WARNING * * *
There is a stone staircase leading up here.
The dream sheep shake their wool and sparkle.
You feel drowsy...
You fall asleep.
You stop ascending the stairs.
The dream sheep bites you!!
You die...

######.#.####.....(.##.#
#.##.#....[###..#..###.#
##....<..P## ####..#....
########......## ###..>..
#P...........## ##### ##....
#............## #...###.####
##............####...##..##
#....##.....Y..Y.........###
#########..@P#..Y........#..
#...####............ #.###
#......†....< ###
###............
#.#.##.#......#
##.#...#.......
#.............
#...####....#.
##...÷##....##


You could see 2 dream sheep.

Vanquished Creatures
  Harold (D:9)
  2 hydras (Lair:1)
  A boulder beetle (D:11)
  Erica (Lair:1)
  A two-headed ogre (D:11)
  A death yak (Lair:2)
  A black mamba (Lair:2)
  A gargoyle (D:10)
  A cane toad (Lair:2)
  A rime drake (Lair:1)
  An unseen horror (D:11)
  2 kobold demonologists (D:10)
  3 trolls
  A polar bear (Lair:1)
  Grinder (D:3)
  A hornet (D:9)
  A slime creature (D:7)
  A dream sheep (Lair:2)
  Sigmund (D:5)
  2 shadows
  2 wyverns
  17 yaks
  The ghost of avis the Shooter, an amateur DgHu (D:4)
  Eustachio (D:4)
  A basilisk (Lair:2)
  5 vampire mosquitoes
  Edmund (D:5)
  3 steam dragons
  5 water moccasins
  Pargi (Sewer)
  A sky beast (D:7)
  12 orc warriors
  An ice beast (D:7)
  4 ogres
  10 wolves
  7 centaurs
  3 phantoms
  4 kobold brigands
  Blork the orc (D:6)
  7 bullfrogs
  9 gnoll sergeants
  3 necrophages
  3 scorpions
  A wyvern zombie (D:6)
  8 wights
  24 killer bees
  7 howler monkeys
  2 electric eels (Lair:1)
  A bullfrog zombie (D:6)
  2 centaur zombies (Ossuary)
  2 human zombies (Ossuary)
  A crimson imp (D:9)
  5 hounds
  2 jellies
  A gnoll bouda (D:5)
  9 orc priests
  2 iguanas (D:5)
  10 orc wizards
  2 mummies (Ossuary)
  17 gnolls
  12 adders
  4 shadow imps
  10 white imps
  5 ufetubi (D:5)
  2 worms
  A dart slug (D:1)
  64 orcs
  10 ball pythons
  5 bats
  4 endoplasms
  3 giant cockroaches
  10 goblins
  7 hobgoblins
  6 jackals
  6 quokkas
  7 frilled lizards
  A gnoll zombie (Ossuary)
  A goblin zombie (Ossuary)
  A hobgoblin zombie (D:8)
  18 kobolds
  2 kobold zombies (Ossuary)
  3 rats
405 creatures vanquished.

Vanquished Creatures (others)
  A gnoll sergeant (D:10)
  2 kobolds (D:9)
  A demonic plant (D:10)
  12 fungi
  41 plants
57 creatures vanquished.

Grand Total: 462 creatures vanquished

Notes
Turn   | Place    | Note
-------+----------+-------------------------------------------
     0 | D:1      | wormed the Spriggan Hunter began the quest for the Orb.
     0 | D:1      | Reached XP level 1. HP: 10/10 MP: 2/2
    84 | D:1      | Reached skill level 2 in Stealth
    84 | D:1      | Reached XP level 2. HP: 10/15 MP: 3/3
   493 | D:1      | Found a faded altar of an unknown god.
   561 | D:1      | Reached XP level 3. HP: 5/18 MP: 4/4
   745 | D:2      | Reached skill level 3 in Stealth
   745 | D:2      | Reached XP level 4. HP: 23/23 MP: 5/5
   900 | D:2      | You fall into a shaft and drop 1 floor!
  1191 | D:2      | Reached skill level 5 in Ranged Weapons
  1704 | D:3      | Noticed Grinder
  1818 | D:3      | Paralysed by Grinder for 5 turns
  2005 | D:3      | Found a glowing silver altar of Zin.
  2124 | D:3      | Found an iron altar of Okawaru.
  2238 | D:3      | Became a worshipper of Warmaster Okawaru
  2294 | D:3      | Reached XP level 5. HP: 16/27 MP: 6/6
  2626 | D:3      | Paralysed by Grinder for 4 turns
  2648 | D:3      | Paralysed by Grinder for 4 turns
  2669 | D:3      | Paralysed by Grinder for 5 turns
  2689 | D:3      | Paralysed by Grinder for 3 turns
  2699 | D:3      | Killed Grinder
  2699 | D:3      | Reached * piety under Okawaru
  2700 | D:3      | Reached skill level 4 in Stealth
  2700 | D:3      | Reached XP level 6. HP: 15/32 MP: 7/7
  2942 | D:4      | Found a staircase to the Ecumenical Temple.
  3008 | D:3      | Reached skill level 5 in Dodging
  3008 | D:3      | Reached skill level 5 in Stealth
  3150 | D:4      | Reached XP level 7. HP: 36/36 MP: 8/8
  3291 | D:4      | Reached ** piety under Okawaru
  3304 | D:4      | Noticed Eustachio
  3319 | D:4      | Killed Eustachio
  3320 | D:4      | Reached skill level 6 in Stealth
  3403 | D:4      | Found a runed translucent gate.
  3403 | D:4      | Found a runed translucent gate.
  3404 | D:4      | Found a runed translucent gate.
  3405 | D:4      | Found an opulent altar of Gozag.
  3406 | D:4      | Noticed avis's ghost (amateur DgHu)
  3996 | D:3      | Reached XP level 8. HP: 35/42 MP: 9/9
  4218 | D:4      | Killed avis's ghost
  4229 | D:4      | Reached skill level 7 in Stealth
  4260 | D:5      | Entered Level 5 of the Dungeon
  4421 | D:5      | Found a glowing drain.
  4434 | Sewer    | Entered a sewer
  4510 | Sewer    | Noticed Pargi
  4533 | Sewer    | Killed Pargi
  4808 | D:5      | Reached *** piety under Okawaru
  4853 | D:5      | Noticed Edmund
  4859 | D:5      | Noticed Sigmund
  5047 | D:5      | Reached skill level 8 in Stealth
  5059 | D:5      | Killed Edmund
  5138 | D:5      | Reached XP level 9. HP: 32/46 MP: 10/10
  5578 | D:5      | Killed Sigmund
  5689 | D:6      | Reached **** piety under Okawaru
  5743 | D:6      | Found a broken altar of Ashenzari.
  5886 | D:6      | Noticed Blork the orc
  5901 | D:6      | Killed Blork the orc
  6055 | D:6      | Reached skill level 5 in Fighting
  6094 | D:6      | Noticed a deep elf zephyrmancer
  6263 | D:5      | Reached skill level 9 in Stealth
  6411 | D:6      | Found a basalt altar of Yredelemnul.
  7010 | D:7      | Reached ***** piety under Okawaru
  7043 | D:7      | Reached skill level 10 in Ranged Weapons
  7123 | D:7      | Reached skill level 10 in Stealth
  7143 | D:7      | Reached XP level 10. HP: 50/51 MP: 11/11
  7695 | D:8      | Identified the +6 dagger of the Grave {flame, Drain Str-3
                  | Dex+8}
  8070 | D:8      | Found a sand-covered staircase.
  8084 | Ossuary  | Entered an ossuary
  8424 | D:8      | Found a sparkling altar of Nemelex Xobeh.
  8424 | D:8      | Found a white marble altar of Elyvilon.
  8566 | D:9      | Received a gift from Okawaru
  8582 | D:9      | Reached skill level 11 in Stealth
  8855 | D:9      | Reached skill level 10 in Dodging
  8947 | D:9      | Noticed Harold
  9330 | D:9      | Found Axiagig's Magic Scroll Boutique.
  9382 | D:9      | Found a stormy altar of Qazlal.
  9577 | D:9      | Killed Harold
  9578 | D:9      | Reached XP level 11. HP: 54/58 MP: 12/12
  9867 | D:9      | Found a staircase to the Lair.
  9903 | D:9      | Reached skill level 12 in Stealth
 10431 | D:9      | Bought a scroll of blinking for 90 gold pieces
 10431 | D:9      | Bought a scroll of teleportation for 36 gold pieces
 10431 | D:9      | Bought a scroll of identify for 24 gold pieces
 10431 | D:9      | Bought a scroll of identify for 24 gold pieces
 10431 | D:9      | Bought a scroll of identify for 24 gold pieces
 10431 | D:9      | Bought a scroll of blinking for 90 gold pieces
 10431 | D:9      | Bought a scroll of identify for 24 gold pieces
 10452 | D:10     | Entered Level 10 of the Dungeon
 10524 | D:10     | Found Egatixi's Demolitions Depot.
 10989 | D:10     | Found a burning altar of Makhleb.
 11208 | D:10     | Found a corrupted altar of Lugonu.
 11347 | D:10     | Reached ****** piety under Okawaru
 11842 | D:11     | Noticed a boulder beetle
 11914 | D:11     | Reached skill level 13 in Stealth
 11918 | D:11     | Identified the +5 rapier of the Final Heavens {heavy, Drain
                  | Str+2 Dex+3 SInv}
 12035 | D:11     | Identified the +8 quarterstaff "Qiurheteja" {speed, rF-
                  | rC+++ rN+ Dex+4} (Okawaru gifted it to you on level 11 of
                  | the Dungeon)
 12035 | D:11     | Received a gift from Okawaru
 12119 | D:11     | Found a staircase to the Orcish Mines.
 12205 | D:11     | Noticed a two-headed ogre
 12223 | D:11     | Killed a two-headed ogre
 12365 | D:11     | Killed a boulder beetle
 12835 | Lair:1   | Entered Level 1 of the Lair of Beasts
 12898 | Lair:1   | Noticed Erica
 13041 | Lair:1   | Reached XP level 12. HP: 25/63 MP: 13/13
 13087 | Lair:1   | Noticed a catoblepas
 13576 | Lair:1   | Received a gift from Okawaru
 14038 | Lair:1   | Killed Erica
 14856 | Lair:1   | Identified a scroll of acquirement
 14857 | Lair:1   | Acquired 454 gold pieces
 14927 | Lair:2   | Noticed a seven-headed hydra
 14930 | Lair:2   | Noticed a five-headed hydra
 15027 | Lair:1   | Killed a seven-headed hydra
 15028 | Lair:1   | Reached skill level 14 in Stealth
 15152 | Lair:1   | Killed a five-headed hydra
 15176 | Lair:2   | Noticed Gastronok
 15919 | Lair:2   | Noticed a death yak
 15921 | Lair:2   | Noticed a death yak
 16086 | Lair:2   | Killed a death yak
 16254 | Lair:2   | Noticed a death yak
 16446 | Lair:2   | Demolished by a dream sheep

Illustrated notes

Levels and vault maps discovered:
D:1:      ncdulo_watergridlock, layout_rooms, hellmonk_ecumenical_altar_run_dry
D:2:      layout_basic, wad_orctagon
D:3:      layout_loops_cross, mainiacjoe_overflow_catwalk,
          mainiacjoe_overflow_alcove_4, uniq_grinder
D:4:      layout_loops_ring, minmay_temple_entry_mist, ebering_ghost_gozag,
          uniq_eustachio
D:5:      layout_loops_ring, serial_demonic, serial_demonic_d, serial_demonic_g,
          serial_demonic_c, serial_demonic_e, serial_demonic_d,
          gup_sewer_entry_bubbles, eino_tiny_chamber, sigmund_edmund_badplayer
D:6:      layout_cave_pools, nicolae_overflow_hidden_temple,
          nicolae_overflow_crystal_walls, lemuel_zombie_altar_yredelemnul,
          guppyfry_early_elven_hall, uniq_blork_the_orc
D:7:      layout_rooms, nzn_random_ring
D:8:      layout_loops_cross, gammafunk_temple_overflow_wave, enter_ossuary_3
D:9:      layout_basic, lemuel_coloured_pillars_altar, lair_entry_dummy,
          serial_shops, kennysheep_mini, enter_bailey_4, special_room
          [special_room_orc], minmay_misc_feat_doors, minmay_fire_ice_demons,
          uniq_harold
D:10:     kennysheep_kobold_lugonu_temple, layout_irregular_city,
          overflow_temple_1_default, nicolae_blasting_shop, st_stairs_13
D:11:     layout_loops_ring, kennysheep_orc_monster_closet_entryway,
          gauntlet_entry_generic
Lair:1:   layout_regular_city, nicolae_lair_grove_arrangements,
          serial_bayou_lake_a, grunt_megastairs_5, infiniplex_staircase_pool_2,
          serial_bayou_shore_a, uniq_erica
Lair:2:   layout_misc_corridors, shoals_dummy_entry, grunt_megastairs_4,
          uniq_gastronok

Skill      XL: |  1  2  3  4  5  6  7  8  9 10 11 12 |
---------------+-------------------------------------+-----
Stealth        | 2 3 4 5 6 8 10 11 13 14 | 14.6
Dodging        | 3 4 5 6 7 8 10 11 12 | 12.6
Fighting       | 2 3 4 5 6 7 8 |  8.2
Ranged Weapons | 5 6 7 8 10 11 13 | 13.9

Action                   |  1- 3 |  4- 6 |  7- 9 | 10-12 || total
-------------------------+-------+-------+-------+-------++-------
Melee: Shortbow          |       |     1 |       |       ||     1
 Fire: Shortbow          |    64 |   173 |   624 |  1462 ||  2323
Evoke: Wand              |       |       |       |     8 ||     8
  Use: Potion            |     2 |       |       |     2 ||     4
       Scroll            |       |       |     9 |    17 ||    26
Armor: Robe              |     8 |     6 |     3 |     7 ||    24
       Troll leather arm |       |       |    23 |    57 ||    80
Dodge: Dodged            |    42 |    61 |   359 |  1026 ||  1488

Table legend: (Time is in decaauts)
 A = Elapsed time spent in this place.
 B = Non-inter-level travel time spent in this place.
 C = Inter-level travel time spent in this place.
 D = Time resting spent in this place.
 E = Time spent auto-exploring this place.
 F = Levels seen in this place.
 G = Mean time per level.
                   A        B        C        D        E       F      G
               +--------+--------+--------+--------+--------+-----+--------+
         Total |  12076 |  11380 |    696 |    441 |   6511 |  15 |  805.1 |
       Dungeon |   9021 |   8361 |    660 |    114 |   5171 |  11 |  820.1 |
          Lair |   2661 |   2625 |     36 |    327 |   1129 |   2 | 1330.5 |
         Sewer |    218 |    218 |      0 |      0 |    134 |   1 |  218.0 |
       Ossuary |    174 |    174 |      0 |      0 |     76 |   1 |  174.0 |
               +--------+--------+--------+--------+--------+-----+--------+

Top non-repeatable levels by time:
  Lair:1: 1896 daAuts
     D:9: 1729 daAuts
     D:3: 1037 daAuts
     D:5: 906 daAuts
     D:4: 841 daAuts
     D:7: 832 daAuts
    D:11: 771 daAuts
  Lair:2: 765 daAuts
     D:2: 706 daAuts
    D:10: 659 daAuts
     D:6: 644 daAuts
     D:1: 486 daAuts
     D:8: 407 daAuts
   Sewer: 218 daAuts
 Ossuary: 174 daAuts
